 Dungeon Crawl Stone Soup version 0.29-a0-72-g1732ff48e7 (webtiles) character file.

Game seed: 17157941613629010445

25377 belegose the Basher (level 12, -18/108 HPs)
             Began as a Minotaur Berserker on Feb 3, 2022.
             Was a High Priest of Trog.
             Demolished by a lorocyproca (29 damage)
             ... on level 2 of the Abyss.
             The game lasted 00:44:18 (16216 turns).

belegose the Basher (Minotaur Berserker)           Turns: 16216, Time: 00:44:19

Health: -18/108    AC: 11    Str: 23      XL:     12   Next: 89%
Magic:  0/20       EV: 14    Int:  4 (6)  God:    Trog [*****.]
Gold:   917        SH:  0    Dex: 12      Spells: 11/11 levels left

rFire   + . .      SeeInvis .   a - +7 morningstar
rCold   . . .      Faith    .   (no shield)
rNeg    . . .      Spirit   +   G - +0 troll leather armour
rPois   .          Reflect  .   m - +2 hat
rElec   .          Harm     .   V - +0 cloak
rCorr   .          Rampage  .   i - +0 pair of gloves
Will    .....                   w - +0 pair of boots
Stlth   +.........              O - amulet of guardian spirit
HPRegen 1.08/turn               q - ring of protection from fire
MPRegen 0.17/turn               P - ring of magical power

@: no status effects
A: horns 2, retaliatory headbutt
a: Renounce Religion, Berserk, Trog's Hand, Brothers in Arms


You were on level 2 of the Abyss.
You worshipped Trog.
Trog was extremely pleased with you.
You visited 3 branches of the dungeon, and saw 15 of its levels.
You visited the Abyss 1 time.
You also visited: Volcano.

You collected 917 gold pieces.

Inventory:

Hand Weapons
 a - a +7 morningstar (weapon)
 b - a +6 great sword
 R - a +4 falchion
 W - a +2 hand crossbow of flaming
Missiles
 e - 20 poisoned darts
 k - 486 stones
 u - 4 throwing nets
 y - 45 bolts
 F - 2 silver boomerangs (quivered)
 L - 2 boomerangs
Armour
 i - a +0 pair of gloves (worn)
 l - a +0 plate armour
 m - a +2 hat (worn)
 w - a +0 pair of boots (worn)
 G - a +0 troll leather armour (worn)
 V - a +0 cloak (worn)
Jewellery
 j - a +6 ring of strength
 n - a ring of protection from cold
 q - a ring of protection from fire (left hand)
 O - an amulet of guardian spirit (around neck)
 P - a ring of magical power (right hand)
Wands
 v - a wand of flame (10)
 Q - a wand of digging (6)
 T - a wand of polymorph (5)
 U - a wand of charming (6)
Scrolls
 d - 2 scrolls of magic mapping {unknown}
 f - a scroll of fear {unknown}
 h - 2 scrolls of immolation {unknown}
 o - a scroll of enchant weapon {unknown}
 t - 6 scrolls of teleportation
 x - a scroll of silence {unknown}
 z - 5 scrolls of fog
 A - 3 scrolls of vulnerability {unknown}
 B - 2 scrolls of holy word {unknown}
 C - a scroll of enchant armour {unknown}
 H - a scroll of acquirement {unknown}
 I - a scroll of summoning {unknown}
 J - 2 scrolls of amnesia {unknown}
 K - 2 scrolls of noise {unknown}
 N - a scroll of blinking {unknown}
 X - 2 scrolls of torment {unknown}
 Y - 2 scrolls of identify
Potions
 c - 3 potions of curing
 g - 2 potions of heal wounds
 p - 5 potions of ambrosia
 r - 2 potions of resistance
 s - a potion of cancellation
 D - a potion of flight
 E - 5 potions of might
 M - a potion of haste
 S - a potion of berserk rage
 Z - a potion of mutation {unknown}


   Skills:
 - Level 10.9 Fighting
 - Level 10.8 Long Blades
 - Level 11.0 Maces & Flails
 + Level 10.1 Throwing
 - Level 7.0 Armour
 - Level 7.0 Dodging
 + Level 8.9 Evocations


You had 11 spell levels left.
You didn't know any spells.
Your spell library was empty.

Dungeon Overview and Level Annotations

Branches:
Dungeon (10/15)            Temple (1/1) D:7            Lair (4/6) D:8
  Swamp (0/4) Lair:2        Snake (0/4) Lair:2          Orc (0/2) D:9
Volcano (visited)

Altars:
Ashenzari
Cheibriados
Makhleb
Trog
Xom

Annotations:
D:6 4 runed translucent doors, exclusion: 4 doors


Innate Abilities, Weirdness & Mutations

You have a pair of horns on your head.
You reflexively headbutt those who attack you in melee.


Message History

Deactivating autopickup; reactivate with Ctrl-A.
You puncture something! You headbutt something. Something hits you.
Something burns you.
You closely miss something. Something hits you.
You closely miss something.
You hear some strange, mumbled words.
You are cast into the Abyss!
To return, you must find a gate leading back.
Killing monsters will force the Abyss to allow you passage.
This branch contains the abyssal rune of Zot.
Reactivating autopickup.
You hear a chilling moan.
You hear a croak.
An orange demon comes into view.
A neqoxec comes into view.
The neqoxec shouts!
The neqoxec gestures at you.
You feel dopey. Something feeds on your intellect! Something hits you!
You feel your power leaking away.
Deactivating autopickup; reactivate with Ctrl-A.
The neqoxec hits you.
You impale the neqoxec!! You headbutt the neqoxec.
You kill the neqoxec!
That felt strangely unrewarding.
Something hits you!
You feel your power leaking away.
A raiju comes into view.
The raiju barks!
Something hits you!
You feel your power leaking away. Something barely misses you.
You miss something. Something hits you!!
You feel your power leaking away.
You hit something but do no damage. Something hits you!!
* * * LOW HITPOINT WARNING * * *
A large abomination comes into view.
You miss something. Something barely misses you.
You closely miss something. Something hits you!!
* * * LOW HITPOINT WARNING * * *
You miss something. Your headbutt misses something. Something hits you!!
You die...

..# #.##. ...#
#.#.# # # #X.
#h#. . .#
.......#
##...#.###.# . #
.#. ..# ..≈ # ..
#..#.###.#.#
##..
.#....#..4{## .
. #. ...#...#@##
.#
#.........#..#
##..#.#..#..##
#..# .
#...###.#...####
. .....#..#. .#
# ## .#..#.##
..# .
#.######.##. ..
#.... ..###..#
#.. # . .# #


You could see an orange demon and a large abomination.

Vanquished Creatures
  Gastronok (Lair:2)
  6 hydras
  A two-headed ogre (D:9)
  Pikel (D:5)
  2 wizards (Volcano)
  A lindwurm (Lair:3)
  2 toenail golems (Volcano)
  Joseph (Lair:1)
  3 elephants (Lair:2)
  3 black mambas
  4 cane toads
  4 komodo dragons
  A tyrant leech (Lair:2)
  5 trolls
  2 polar bears
  3 blink frogs (Lair:1)
  Sigmund (D:4)
  A wraith (D:9)
  A vampire (D:9)
  3 wyverns
  A fire elemental (Lair:3)
  16 yaks
  2 swamp worms (Lair:2)
  A neqoxec (Abyss:2)
  A naga (Lair:2)
  2 wargs
  A water moccasin (Lair:1)
  2 acid dragons
  4 orc warriors
  A swamp drake (D:9)
  6 black bears
  3 sky beasts
  3 ogres
  3 centaurs
  A necrophage (D:6)
  2 lemures (D:5)
  7 wolves (Lair:3)
  2 kobold brigands (D:9)
  8 bullfrogs
  2 scorpions
  A wyvern zombie (D:7)
  A water moccasin zombie (D:6)
  A gnoll sergeant (D:7)
  20 wights
  An electric eel (Lair:3)
  A bullfrog zombie (D:5)
  A lava snake (Lair:3)
  7 centaur zombies
  5 hounds
  A jelly (D:5)
  10 orc priests
  A bullfrog skeleton (D:6)
  A centaur skeleton (D:6)
  6 iguanas
  Jessica (D:2)
  16 orc wizards
  Robin (D:2)
  A howler monkey zombie (D:6)
  6 adders
  8 gnolls
  A howler monkey skeleton (D:6)
  A white imp (D:6)
  3 ufetubi
  2 worms
  2 adder skeletons (D:4)
  4 dart slugs
  39 orcs
  13 ball pythons
  6 bats
  2 endoplasms
  4 giant cockroaches
  14 goblins
  6 hobgoblins
  2 jackals (D:1)
  16 kobolds
  5 quokkas
  7 frilled lizards
  8 rats
  A butterfly (Lair:3)
340 creatures vanquished.

Vanquished Creatures (others)
  An iguana (Lair:2)
  5 fungi
  22 plants
28 creatures vanquished.

Grand Total: 368 creatures vanquished

Notes
Turn   | Place    | Note
-------+----------+-------------------------------------------
     0 | D:1      | belegose the Minotaur Berserker began the quest for the
                  | Orb.
     0 | D:1      | Reached XP level 1. HP: 19/19 MP: 0/0
    98 | D:1      | Reached XP level 2. HP: 22/27 MP: 1/1
   640 | D:1      | Reached ** piety under Trog
   801 | D:2      | Noticed Robin
   809 | D:2      | Reached XP level 3. HP: 29/33 MP: 2/2
   986 | D:2      | Reached skill level 1 in Throwing
  1049 | D:2      | Killed Robin
  1254 | D:2      | Reached XP level 4. HP: 40/40 MP: 3/3
  1324 | D:2      | Noticed Jessica
  1356 | D:2      | Killed Jessica
  1929 | D:3      | Noticed a centaur
  1948 | D:3      | Killed a centaur
  1949 | D:3      | Reached XP level 5. HP: 12/47 MP: 4/4
  2665 | D:3      | Reached XP level 6. HP: 32/55 MP: 5/5
  2938 | D:3      | You fall into a shaft and drop 3 floors!
  3001 | D:6      | Found a bloodstained altar of Trog.
  3029 | D:6      | Reached skill level 5 in Fighting
  3029 | D:6      | Reached skill level 5 in Long Blades
  3065 | D:6      | Found a large runed translucent door.
  3065 | D:6      | Found a large runed translucent door.
  3095 | D:6      | Noticed a kobold demonologist
  3100 | D:6      | Found a large runed translucent door.
  3100 | D:6      | Found a large runed translucent door.
  3141 | D:5      | Entered Level 5 of the Dungeon
  3401 | D:5      | Reached XP level 7. HP: 61/61 MP: 6/6
  4300 | D:5      | Noticed Pikel
  4313 | D:5      | Killed Pikel
  4314 | D:5      | Reached skill level 5 in Throwing
  4314 | D:5      | Reached XP level 8. HP: 73/73 MP: 7/7
  4873 | D:4      | Reached *** piety under Trog
  5153 | D:4      | Noticed Sigmund
  5166 | D:4      | Killed Sigmund
  6018 | D:6      | Noticed a troll
  6024 | D:6      | Reached XP level 9. HP: 82/82 MP: 8/8
  6031 | D:6      | Killed a troll
  6557 | D:6      | Noticed a troll
  6560 | D:6      | Noticed a troll
  6566 | D:6      | Killed a troll
  6571 | D:6      | Killed a troll
  6949 | D:7      | Reached skill level 10 in Fighting
  6952 | D:7      | Reached skill level 10 in Long Blades
  7079 | D:7      | Reached **** piety under Trog
  7436 | D:7      | Found a staircase to the Ecumenical Temple.
  7446 | D:7      | Reached XP level 10. HP: 93/93 MP: 9/9
  7491 | Temple   | Entered the Ecumenical Temple
  8329 | D:8      | Found a staircase to the Lair.
  8881 | D:8      | Reached ***** piety under Trog
  9075 | D:8      | Reached skill level 1 in Evocations
  9531 | D:8      | Reached skill level 5 in Armour
  9633 | D:9      | Reached skill level 1 in Maces & Flails
  9643 | D:9      | Reached skill level 2 in Maces & Flails
  9651 | D:9      | Reached skill level 5 in Dodging
 10053 | D:9      | Reached skill level 3 in Maces & Flails
 10105 | D:9      | Reached XP level 11. HP: 85/101 MP: 10/10
 10373 | D:9      | Received a gift from Trog
 10468 | D:9      | Found a staircase to the Orcish Mines.
 11064 | D:10     | Entered Level 10 of the Dungeon
 11111 | D:10     | Noticed a two-headed ogre
 11116 | D:9      | Killed a two-headed ogre
 11117 | D:9      | Reached skill level 4 in Maces & Flails
 12242 | Lair:1   | Entered Level 1 of the Lair of Beasts
 12402 | Lair:1   | Noticed Joseph
 12423 | Lair:1   | Killed Joseph
 12513 | Lair:1   | Reached skill level 5 in Maces & Flails
 12667 | Lair:1   | Reached skill level 6 in Maces & Flails
 13221 | Lair:2   | Noticed Gastronok
 13237 | Lair:2   | Killed Gastronok
 13238 | Lair:2   | Reached skill level 7 in Maces & Flails
 13238 | Lair:2   | Reached skill level 5 in Evocations
 13478 | Lair:2   | Noticed a five-headed hydra
 13664 | Lair:2   | Reached XP level 12. HP: 107/108 MP: 11/11
 13776 | Lair:2   | Killed a five-headed hydra
 13777 | Lair:2   | Reached skill level 8 in Maces & Flails
 13836 | Lair:2   | Noticed a six-headed hydra
 13841 | Lair:2   | Killed a six-headed hydra
 14025 | Lair:2   | Noticed a five-headed hydra
 14039 | Lair:2   | Killed a five-headed hydra
 14106 | Lair:2   | Found a staircase to the Swamp.
 14189 | Lair:2   | Reached skill level 9 in Maces & Flails
 14443 | Lair:2   | Found a staircase to the Snake Pit.
 14789 | Lair:3   | Noticed a five-headed hydra
 14801 | Lair:3   | Killed a five-headed hydra
 14953 | Lair:3   | Reached skill level 10 in Maces & Flails
 15405 | Lair:3   | Noticed a six-headed hydra
 15414 | Lair:3   | Killed a six-headed hydra
 15947 | Lair:4   | Noticed a six-headed hydra
 15958 | Lair:4   | Killed a six-headed hydra
 15959 | Lair:4   | Reached skill level 11 in Maces & Flails
 16047 | Lair:4   | Found a dark tunnel.
 16056 | Volcano  | Entered a volcano
 16082 | Volcano  | Reached skill level 10 in Throwing
 16152 | Volcano  | Cast into level 2 of the Abyss (a wizard)
 16216 | Abyss:2  | Demolished by a lorocyproca

Illustrated notes

Levels and vault maps discovered:
D:1:      scummos_arrival_gate, layout_basic
D:2:      layout_basic, uniq_jessica, uniq_robin
D:3:      minmay_spotlight, layout_loops_ring
D:4:      kennysheep_spiral_hall, layout_rooms, nicolae_figureground_pulse,
          uniq_sigmund
D:5:      layout_loops_ring, uniq_pikel
D:6:      layout_loops_ring, trog_hazing_becter, minmay_hollow_rounded_squares
D:7:      layout_basic, temple_green, serial_bayou_crossing
D:8:      minmay_flawed_box, layout_cave_pods, erik_lair_orcish_takeover,
          minmay_lizard_king
D:9:      layout_loops_ring, erik_orc_1, patterned_corridor
D:10:     layout_loops_cross
Temple:   nicolae_temple_the_god_donut
Lair:1:   layout_cave_pods, uniq_joseph
Lair:2:   layout_regular_city, palyth_hydra_swamp_entry,
          guppyfry_snake_entry_garden, uniq_gastronok
Lair:3:   layout_gridlike, st_stairs_7, columned_hall_lemuel,
          chequers_serial_rivers_marsh, nicolae_lair_lil_pond,
          lemuel_fruit_fields, serial_bayou_shore_a
Lair:4:   layout_loops_ring, lightli_volcano_entry_magma_tube,
          infiniplex_staircase_pool
Abyss:2:  base: Lair:3, hangedman_abyss_or_decor_stabs,
          hangedman_abyss_or_decor_stabs
Volcano:  volcano_bunker

Skill      XL: |  1  2  3  4  5  6  7  8  9 10 11 12 |
---------------+-------------------------------------+-----
Fighting       | 4 5 7 8 10 | 10.9
Long Blades    | 4 5 7 8 10 | 10.8
Armour         | 3 4 5 7 |  7.0
Throwing       | 1 2 3 5 6 7 9 10 | 10.1
Dodging        | 3 4 5 7 |  7.0
Evocations     | 2 5 8 |  8.9
Maces & Flails | 3 7 11 | 11.0

Action                   |  1- 3 |  4- 6 |  7- 9 | 10-12 || total
-------------------------+-------+-------+-------+-------++-------
Melee: Falchion          |    68 |   128 |   265 |   135 ||   596
       Headbutt          |     9 |    24 |    55 |   119 ||   207
       Punch             |       |     1 |     2 |     2 ||     5
       Great sword       |       |       |       |   210 ||   210
       Morningstar       |       |       |       |   174 ||   174
Throw: Dart              |       |     3 |     8 |     2 ||    13
       Stone             |       |       |     2 |     5 ||     7
       Boomerang         |       |       |       |    24 ||    24
Invok: Berserk           |     1 |     1 |     5 |     4 ||    11
  Use: Scroll            |       |       |       |    14 ||    14
       Potion            |       |       |       |     2 ||     2
Armor: Animal skin       |    12 |     1 |       |       ||    13
       Scale mail        |       |    40 |    62 |       ||   102
       Troll leather arm |       |       |    20 |   161 ||   181
Dodge: Dodged            |    37 |    85 |   118 |   321 ||   561

Table legend: (Time is in decaauts)
 A = Elapsed time spent in this place.
 B = Non-inter-level travel time spent in this place.
 C = Inter-level travel time spent in this place.
 D = Time resting spent in this place.
 E = Time spent auto-exploring this place.
 F = Levels seen in this place.
 G = Mean time per level.
                   A        B        C        D        E       F      G
               +--------+--------+--------+--------+--------+-----+--------+
         Total |  16380 |  15075 |   1305 |   2507 |   8215 |  17 |  963.5 |
       Dungeon |  12334 |  11319 |   1015 |   2052 |   6242 |  10 | 1233.4 |
        Temple |      1 |      1 |      0 |      0 |      0 |   1 |    1.0 |
          Lair |   3876 |   3586 |    290 |    417 |   1973 |   4 |  969.0 |
         Abyss |     63 |     63 |      0 |      0 |      0 |   1 |   63.0 |
       Volcano |    104 |    104 |      0 |     37 |      0 |   1 |  104.0 |
               +--------+--------+--------+--------+--------+-----+--------+

Top non-repeatable levels by time:
     D:9: 1827 daAuts
     D:5: 1786 daAuts
     D:8: 1605 daAuts
     D:3: 1446 daAuts
  Lair:2: 1427 daAuts
     D:7: 1217 daAuts
  Lair:1: 1138 daAuts
  Lair:3: 1132 daAuts
     D:6: 1102 daAuts
     D:1: 916 daAuts
     D:2: 855 daAuts
    D:10: 827 daAuts
     D:4: 748 daAuts
  Lair:4: 178 daAuts
 Volcano: 104 daAuts
